 Dungeon Crawl Stone Soup version 0.21.1-1-g345015fe64 (webtiles) character file.

7019 Gargoyl the Protected (level 10, -10/83 HPs)
             Began as a Centaur Abyssal Knight on July 12, 2018.
             Was a High Priest of Lugonu.
             Mangled by a spiny frog (17 damage)
             ... on level 1 of the Lair of Beasts.
             The game lasted 00:17:47 (11439 turns).

Gargoyl the Protected (Centaur Abyssal Knight)     Turns: 11439, Time: 00:17:48

Health: -10/83     AC: 13    Str: 17    XL:     10   Next: 82%
Magic:  16/16      EV:  1    Int: 11    God:    Lugonu [*****.]
Gold:   62         SH:  9    Dex: 10    Spells: 9/9 levels left

rFire    . . .     SeeInvis +   A - +6 war axe (flame)
rCold    . . .     Gourm    .   r - +0 shield
rNeg     . . .     Faith    .   o - +0 plate armour
rPois    .         Spirit   .   e - +0 helmet {SInv}
rElec    .         Reflect  +   (no cloak)
rCorr    .         Harm     .   (no gloves)
MR       .....                  (no barding)
Stlth    ..........             b - +2 amulet of reflection
HPRegen  0.23/turn              y - +6 ring of slaying
MPRegen  0.15/turn              (no ring)

@: lethally poisoned (-10 -> -14), very quick
A: large, hooves 3, deformed body, speed 2, tough skin 3
a: Depart the Abyss, Bend Space, Banish, Corrupt, Enter the Abyss, Renounce
Religion


You were on level 1 of the Lair of Beasts.
You worshipped Lugonu.
Lugonu was extremely pleased with you.
You were not hungry.

You visited 2 branches of the dungeon, and saw 10 of its levels.
You visited the Abyss 1 time.
You also visited: Ossuary.

You collected 457 gold pieces.
You spent 395 gold pieces at shops.

Inventory:

Hand Weapons
 a - a +1 hand axe
 h - a +6 falchion of holy wrath
 A - a +6 war axe of flaming (weapon)
Missiles
 m - 2 tomahawks (quivered)
Armour
 e - a +0 helmet of see invisible (worn)
 o - a +0 plate armour (worn)
 r - a +0 shield (worn)
Jewellery
 b - a +2 amulet of reflection (around neck)
 y - a +6 ring of slaying (left hand)
Wands
 p - a wand of enslavement (22)
 t - a wand of iceblast (11)
 w - a wand of polymorph (13)
 x - a wand of flame (30)
 z - a wand of random effects (16)
Scrolls
 d - 2 scrolls of identify
 f - 5 scrolls of remove curse
 k - 6 scrolls of teleportation
 l - 3 scrolls of fear
 C - a scroll of blinking
Potions
 g - 2 potions of haste
 i - 6 potions of curing
 j - a potion of magic
 q - 2 potions of brilliance
 u - 3 potions of agility
 v - a potion of flight
 D - a potion of heal wounds
Books
 n - a book of the Sky

   Spells                             Type                      Level
   a - Summon Lightning Spire         Summoning/Air                4
   b - Silence                        Hexes/Air                    5
   c - Deflect Missiles               Charms/Air                   6
   d - Conjure Ball Lightning         Conjuration/Air              6
   e - Tornado                        Air                          9
Comestibles
 c - 19 rations


   Skills:
 + Level 5.8 Fighting
 + Level 7.6 Long Blades
 + Level 2.6 Axes
 + Level 2.1 Throwing
 * Level 8.4 Armour
 + Level 2.0 Dodging
 * Level 8.0 Invocations


You had 9 spell levels left.
You didn't know any spells.

Dungeon Overview and Level Annotations

Branches:
Dungeon (9/15)             Temple (0/1) D:7            Lair (1/6) D:9
    Orc (0/2) D:9

Altars:
Ashenzari
Cheibriados
Elyvilon
Gozag
Nemelex Xobeh
Okawaru
Vehumet
Xom

Shops:
D:4 *   D:9 [


Innate Abilities, Weirdness & Mutations

You have hooves in place of feet.
Armour fits poorly on your strangely shaped body.
You cover ground very quickly.
You have extremely tough skin. (AC +3)


Message History

The spiny frog poisons you!
You slash the spiny frog! You burn the spiny frog.
Your kick misses the spiny frog.
The spiny frog is heavily wounded.
You feel sick. You block the spiny frog's attack. x2
Unknown command.
You closely miss the spiny frog.
The spiny frog is heavily wounded.
You feel sick. You block the spiny frog's attack.
You closely miss the spiny frog.
The spiny frog is heavily wounded.
You feel sick. The spiny frog stings you!
* * * LOW HITPOINT WARNING * * *
The spiny frog stings you!
* * * LOW HITPOINT WARNING * * *
You closely miss the spiny frog.
You kick the spiny frog, but do no damage.
The spiny frog is heavily wounded.
You feel sick. The spiny frog stings you!
You die...

#.# ... ..# ... #.#
.... ... .## !.... #.#
..# .....##.##.#
......#F#..#
#.@.#.#######.
##....#....... ..
#P..#.............
...##...##.....#....#
.##............#....##
.....................#
..#....................
. ##...................
.$....................


You could see a spiny frog.

Vanquished Creatures
  A hydra (Lair:1)
  3 hornets (D:8)
  2 hippogriffs
  Eustachio (D:6)
  A basilisk (D:9)
  12 yaks
  2 orc warriors
  2 sky beasts
  A phantom (D:3)
  An ice beast (D:8)
  An ogre (D:4)
  A black bear (D:8)
  2 centaurs (D:7)
  A crocodile (D:9)
  A big kobold (D:8)
  Blork the orc (D:6)
  2 elf zombies (Ossuary)
  2 bullfrogs (D:6)
  5 howler monkeys
  6 crimson imps
  2 bullfrog zombies
  2 centaur zombies (Ossuary)
  2 jellies (D:8)
  7 orc priests
  3 bullfrog skeletons
  5 hounds
  A centaur skeleton (D:8)
  10 orc wizards
  A killer bee zombie (D:7)
  4 worker ants
  A big kobold zombie (Ossuary)
  2 hound zombies (Ossuary)
  A hound skeleton (D:8)
  3 mummies (Ossuary)
  Robin (D:3)
  4 gnolls
  6 adders
  An ooze (D:1)
  8 adder zombies (Ossuary)
  An adder skeleton (D:8)
  2 worms (D:2)
  2 dart slugs
  4 leopard geckos
  27 orcs
  5 bats
  3 giant cockroaches
  9 goblins
  10 hobgoblins
  6 jackals
  5 kobolds
  2 quokkas
  2 ball pythons
  A frilled lizard (D:1)
  A gnoll zombie (Ossuary)
  A goblin zombie (Ossuary)
  5 hobgoblin zombies (Ossuary)
  2 jackal zombies (Ossuary)
  4 kobold zombies (Ossuary)
  3 quokka zombies (Ossuary)
  8 rats
  3 rat zombies (Ossuary)
218 creatures vanquished.

Vanquished Creatures (others)
  2 hornets (D:8)
2 creatures vanquished.

Grand Total: 220 creatures vanquished

Notes
Turn   | Place    | Note
-------+----------+-------------------------------------------
     0 | Abyss:1  | Gargoyl the Centaur Abyssal Knight began the quest for the Orb.
     0 | Abyss:1  | Reached XP level 1. HP: 19/19 MP: 2/2
    27 | Abyss:2  | Found a corrupted altar of Lugonu.
    41 | Abyss:2  | Noticed a starcursed mass
    42 | D:1      | Escaped the Abyss
   281 | D:1      | Reached * piety under Lugonu
   282 | D:1      | Found an iron altar of Okawaru.
   346 | D:1      | Reached XP level 2. HP: 20/26 MP: 3/3
   836 | D:2      | Reached XP level 3. HP: 11/31 MP: 4/4
  1368 | D:2      | Found a faded altar of an unknown god.
  1796 | D:3      | Noticed Robin
  1807 | D:3      | Reached ** piety under Lugonu
  1816 | D:3      | Killed Robin
  1816 | D:3      | Reached skill level 1 in Long Blades
  1816 | D:3      | Reached XP level 4. HP: 16/38 MP: 6/6
  2185 | D:3      | Reached skill level 1 in Dodging
  2191 | D:3      | Reached XP level 5. HP: 25/45 MP: 7/7
  3178 | D:4      | Noticed an ogre
  3354 | D:5      | Entered Level 5 of the Dungeon
  3550 | D:5      | Found a white marble altar of Elyvilon.
  3556 | D:5      | Found a radiant altar of Vehumet.
  3558 | D:5      | Found an iron altar of Okawaru.
  3558 | D:5      | Found a shimmering altar of Xom.
  3560 | D:5      | Found a snail-covered altar of Cheibriados.
  3561 | D:5      | Found a shattered altar of Ashenzari.
  3562 | D:5      | Found a sparkling altar of Nemelex Xobeh.
  3563 | D:5      | Found an opulent altar of Gozag.
  3596 | D:5      | Found a shattered altar of Ashenzari.
  3626 | D:4      | Killed an ogre
  3626 | D:4      | Reached XP level 6. HP: 51/51 MP: 8/8
  3652 | D:4      | Found Vamyum's Assorted Antiques.
  4188 | D:4      | Reached XP level 7. HP: 58/58 MP: 9/9
  4192 | D:4      | Reached *** piety under Lugonu
  4360 | D:4      | Found a white marble altar of Elyvilon.
  5327 | D:6      | Noticed Blork the orc
  5333 | D:6      | Killed Blork the orc
  5508 | D:6      | Reached XP level 8. HP: 42/66 MP: 11/11
  5876 | D:6      | Noticed Eustachio
  5955 | D:6      | Killed Eustachio
  5964 | D:6      | Found a sand-covered staircase.
  5972 | Ossuary  | Entered an ossuary
  6302 | Ossuary  | Reached skill level 5 in Armour
  6303 | Ossuary  | Reached **** piety under Lugonu
  6395 | Ossuary  | Reached skill level 5 in Long Blades
  6801 | D:7      | Reached skill level 5 in Invocations
  6815 | D:6      | HP: 2/67 [yak (13)]
  7122 | D:6      | Reached XP level 9. HP: 22/72 MP: 11/13
  7959 | D:6      | Reached skill level 1 in Throwing
  8380 | D:7      | Reached skill level 5 in Fighting
  8468 | D:7      | Found a staircase to the Ecumenical Temple.
  8634 | D:7      | Found a shimmering altar of Xom.
  9612 | D:8      | Paralysed by a hornet for 3 turns
  9627 | D:8      | Reached ***** piety under Lugonu
  9627 | D:8      | Reached XP level 10. HP: 65/81 MP: 14/14
 10663 | D:9      | Found a staircase to the Lair.
 10882 | D:4      | Bought a runed war axe for 175 gold pieces
 10882 | D:4      | Bought a potion of heal wounds for 135 gold pieces
 10882 | D:4      | Bought a scroll labeled ZYNALE POBUGIP for 27 gold pieces
 11384 | D:9      | Found Giyn's Armour Shoppe.
 11387 | D:9      | Bought a +0 shield for 58 gold pieces
 11408 | Lair:1   | Entered Level 1 of the Lair of Beasts
 11426 | Lair:1   | Noticed a four-headed hydra
 11432 | Lair:1   | Noticed a spiny frog
 11433 | Lair:1   | Killed a one-headed hydra
 11439 | Lair:1   | Mangled by a spiny frog

Skill      XL: |  1  2  3  4  5  6  7  8  9 10 |
---------------+-------------------------------+-----
Axes           | 2 |  2.6
Armour         | 2 3 4 5 7 8 |  8.4
Long Blades    | 1 2 3 4 5 6 7 |  7.6
Dodging        | 1 2 |  2.0
Invocations    | 3 4 5 6 8 |  8.0
Fighting       | 4 5 |  5.8
Throwing       | 1 2 |  2.1

Action                   |  1- 3 |  4- 6 |  7- 9 | 10-12 || total
-------------------------+-------+-------+-------+-------++-------
Melee: Hand axe          |    10 |       |     2 |       ||    12
       Falchion          |    84 |   119 |   412 |    57 ||   672
       Kick              |    20 |    24 |   104 |    25 ||   173
       War axe           |       |       |       |    18 ||    18
Throw: Tomahawk          |       |     2 |    16 |     2 ||    20
Invok: Depart the Abyss  |     1 |       |       |       ||     1
       Banish            |       |       |       |     3 ||     3
  Use: Scroll            |     8 |     4 |    10 |     4 ||    26
       Potion            |     1 |     1 |     8 |       ||    10
  Eat: Chunk             |     1 |     7 |     8 |     3 ||    19
       Ration            |       |       |     2 |     1 ||     3
Armor: Leather armour    |    41 |       |       |       ||    41
       Ring mail         |    17 |    85 |    29 |       ||   131
       Plate armour      |       |       |   297 |    50 ||   347
       Skin              |       |       |     7 |    10 ||    17
Dodge: Dodged            |    63 |    72 |   110 |    12 ||   257
Block: Other             |     4 |    12 |    30 |     8 ||    54
       Reflection        |       |       |     1 |       ||     1
       Shield            |       |       |       |     4 ||     4
       Rpst.: Falchion   |    16 |    29 |    29 |     4 ||    78
